 Dungeon Crawl Stone Soup version 0.30-a0-782-ge64f9170bb (console) character file.

Game seed: 8684535775559718872

72 utis the Trooper (level 4, -3/28 HPs)
             Began as a Tengu Wanderer on Mar 17, 2023.
             Slain by an orc priest
             ... wielding a +0 hand axe
              (5 damage)
             ... on level 3 of the Dungeon.
             The game lasted 00:05:25 (2312 turns).

utis the Trooper (Tengu Wanderer)                   Turns: 2312, Time: 00:05:26

Health: -3/28      AC:  7    Str: 11    XL:     4   Next: 26%
Magic:  8/8        EV:  9    Int: 14    God:
Gold:   156        SH:  0    Dex: 15    Spells: 4/7 levels left

rFire   . . .      SeeInvis .    a - +1 quarterstaff
rCold   . . .      Faith    .    (shield currently unavailable)
rNeg    . . .      Spirit   .    o - +0 scale mail
rPois   .          Reflect  .    (helmet restricted)
rElec   .          Harm     .    m - +0 cloak
rCorr   .          Rampage  .    (no gloves)
Will    .....                    (boots unavailable) Stlth
                                 (no amulet)
HPRegen 0.24/turn                (no ring)
MPRegen 0.11/turn                (no ring)

@: no status effects
A: beak, talons 3
a: no special abilities


You were on level 3 of the Dungeon.
You visited 1 branch of the dungeon, and saw 3 of its levels.

You collected 156 gold pieces.

Inventory:

Hand Weapons
 a - a +1 quarterstaff (weapon)
Missiles
 g - 11 stones (quivered)
 l - 3 poisoned darts
Armour
 c - a +0 robe
 j - a +0 leather armour
 m - a +0 cloak (worn)
 o - a +0 scale mail (worn)
 w - a +0 ring mail
Wands
 v - a wand of digging (4)
Scrolls
 e - 2 scrolls of enchant weapon {unknown}
 i - a scroll of torment {unknown}
 k - a scroll of amnesia {unknown}
 q - a scroll of vulnerability {unknown}
 r - a scroll of magic mapping {unknown}
 s - a scroll of brand weapon {unknown}
 t - a scroll of noise {unknown}
 u - a scroll of blinking {unknown}
Potions
 b - a potion of invisibility
 d - a potion of attraction
 f - 2 potions of might
 h - a potion of curing {unknown}
 n - 2 potions of flight
 p - a potion of brilliance {unknown}


   Skills:
 * Level 3.3 Fighting
 - Level 2.1 Staves
 + Level 1.0 Armour
 + Level 2.6 Dodging
 - Level 2.0 Spellcasting
 - Level 2.6 Conjurations
 + Level 1.0 Necromancy
 - Level 1.0 Evocations


You had 4 spell levels left.
You knew the following spells:

 Your Spells              Type           Power      Damage    Failure   Level
X - Cigotuvi's Dreadful   Necr/Pois/Air  4%         N/A       88%         2
Y - Kiss of Death         Conj/Necr      24%        2d7       56%         1

Your spell library contained the following spells:

 Spells                   Type           Power      Damage    Failure   Level
 Stone Arrow              Conj/Erth      10%        3d7       94%         3
 Dispel Undead            Necr           4%         3d7       100%        4
 Fulminant Prism          Conj/Hex       2%         3d5       100%        4
 Death Channel            Necr           2%         N/A       100%        6


Dungeon Overview and Level Annotations

Branches:
Dungeon (3/15)

Altars:

Shops:
D:1 [


Innate Abilities, Weirdness & Mutations

You have a beak for a mouth.
You have claws for feet.


Message History

The orc is severely wounded.
The orc barely misses you.
An orc priest comes into view. It is wielding a +0 hand axe.
The orc hits you with a +0 short sword.
The orc priest shouts!
You hit the orc.
You kill the orc!
You hear a shout! x2
The orc priest calls down the wrath of Beogh upon you.
Pain shoots through your body!
An orc comes into view. It is wielding a +0 club.
The orc shouts!
The orc priest hits you with a +0 hand axe.
Things that are here:
a +0 short sword; a +0 hand axe; an orc corpse You barely miss the orc priest.
You peck the orc priest, but do no damage.
The orc priest hits you with a +0 hand axe.
The orc hits you but does no damage.
An orc comes into view. It is wielding a +0 dagger.
You hit the orc priest. Your kick misses the orc priest.
The orc priest is heavily wounded.
The orc priest hits you but does no damage.
The orc hits you but does no damage.
You barely miss the orc priest. Your kick misses the orc priest.
The orc priest is heavily wounded.
The orc priest calls down the wrath of Beogh upon you.
Beogh smites you!
Ouch! That really hurt!
* * * LOW HITPOINT WARNING * * *
The orc hits you but does no damage.
You are too injured to fight recklessly!
You are too injured to fight recklessly!
You are too injured to fight recklessly!
You hit the orc priest but do no damage.
Your kick misses the orc priest.
You peck the orc priest, but do no damage.
The orc priest is heavily wounded.
The orc priest hits you with a +0 hand axe.
You die...

░.░ ░.░ ░.░ ░.░ ░.░
░.░ ░.░░░░ ░░░░░░
░....░░░░░░░
...░.░░░░.......Qo░
░░..░.░░░.░.░░░░░o░
░.░░░........░ ░o░
░..░.░░░.░.░.░░░.░░░
░.░.░░ ░.░.........░
░░.░.░ ░.░░.░░░░.░.░
...░.░ ░.░░.░ ░.░o░
░░░░.░ ░.░░.░ ░.░.░
░..░ ░..... ..░o░


You could see an orc priest and 2 orcs.

Vanquished Creatures
  Ijyb (D:3)
  An adder (D:2)
  2 orcs (D:3)
  5 endoplasms
  A giant cockroach (D:1)
  4 goblins
  2 hobgoblins (D:1)
  A quokka (D:1)
  4 ball pythons
  5 bats
  3 frilled lizards
  A kobold (D:1)
  A rat (D:2)
31 creatures vanquished.

Notes
Turn   | Place    | Note
-------+----------+-------------------------------------------
     0 | D:1      | utis the Tengu Wanderer began the quest for the Orb.
     0 | D:1      | utis set off with the following items: a +1 quarterstaff, a
                  | potion of invisibility, a +0 robe; and the following spell
                  | memorised: Kiss of Death; and the following spells
                  | available to memorise: Stone Arrow, Fulminant Prism.
     0 | D:1      | Reached XP level 1. HP: 12/12 MP: 4/4
   101 | D:1      | Found Doposin's Antique Armour Boutique.
   328 | D:1      | Reached XP level 2. HP: 18/18 MP: 6/6
   901 | D:1      | Found a faded altar of an unknown god.
  1154 | D:2      | Learned a level 2 spell: Cigotuvi's Dreadful Rot
  1180 | D:2      | Reached XP level 3. HP: 22/22 MP: 7/7
  1801 | D:3      | Reached skill level 3 in Fighting
  1986 | D:3      | Noticed Ijyb
  2006 | D:3      | Killed Ijyb
  2007 | D:3      | Reached skill level 1 in Armour
  2007 | D:3      | Reached skill level 1 in Necromancy
  2007 | D:3      | Reached XP level 4. HP: 9/28 MP: 8/8
  2312 | D:3      | Slain by an orc priest

Illustrated notes

Levels and vault maps discovered:
D:1:      dpeg_arrival_line_fractal, layout_loops_ring,
          shapermc_ecumenical_altar_hornbeckon, serial_shops, shop
D:2:      layout_rooms, kennysheep_donut, st_stairs_6,
          minmay_misc_feat_four_crosses
D:3:      layout_loops_ring, minmay_mini_jars, uniq_ijyb,
          uniq_crazy_yiuf_cottage

Skill      XL: |  1  2  3 |
---------------+----------+-----
Dodging        | 2 |  2.6
Fighting       | 3 |  3.3
Armour         | 1 |  1.0
Necromancy     | 1 |  1.0
Staves         | |  2.1
Spellcasting   | |  2.0
Conjurations   | |  2.6
Evocations     | |  1.0

Action                     |  1- 3 |  4- 6 || total
---------------------------+-------+-------++-------
  Melee: Quarterstaff      |    59 |     9 ||    68
         Kick              |    11 |       ||    11
         Peck              |     7 |     3 ||    10
  Throw: Stone             |    13 |       ||    13
    Use: Scroll            |     3 |       ||     3
   Stab: Distracted        |     1 |       ||     1
         Sleeping          |     1 |       ||     1
 Armour: Robe              |     2 |       ||     2
         Leather armour    |     7 |       ||     7
         Scale mail        |     7 |     5 ||    12
  Dodge: Dodged            |    20 |     1 ||    21

Table legend: (Time is in decaauts)
 A = Elapsed time spent in this place.
 B = Non-inter-level travel time spent in this place.
 C = Inter-level travel time spent in this place.
 D = Time resting spent in this place.
 E = Time spent auto-exploring this place.
 F = Levels seen in this place.
 G = Mean time per level.
                   A        B        C        D        E       F      G
               +--------+--------+--------+--------+--------+-----+--------+
         Total |   2357 |   2295 |     62 |    268 |   1652 |   3 |  785.7 |
       Dungeon |   2357 |   2295 |     62 |    268 |   1652 |   3 |  785.7 |
               +--------+--------+--------+--------+--------+-----+--------+

Top non-repeatable levels by time:
     D:1: 998 daAuts
     D:2: 754 daAuts
     D:3: 604 daAuts
